 Dungeon Crawl Stone Soup version 0.28-a0-1033-g1a2f33fa85 (webtiles) character file.

Game seed: 13419413207421699146

192 ragingrage the Chopper (level 5, -3/43 HPs)
             Began as a Palentonga Fighter on Dec 7, 2021.
             Slain by a gnoll (5 damage)
             ... on level 3 of the Dungeon.
             The game lasted 00:03:28 (2466 turns).

ragingrage the Chopper (Palentonga Fighter)         Turns: 2466, Time: 00:03:29

Health: -3/43      AC:  6    Str: 19    XL:     5   Next: 42%
Magic:  5/5        EV:  7    Int:  8    God:
Gold:   47         SH:  4    Dex: 12    Spells: 4/4 levels left

rFire   . . .      SeeInvis +   a - +0 war axe
rCold   . . .      Faith    .   c - +0 buckler
rNeg    . . .      Spirit   .   b - +0 scale mail
rPois   .          Reflect  .   (no helmet)
rElec   .          Harm     .   (no cloak)
rCorr   .          Rampage  .   (no gloves)
Will    .....                   (no barding)
Stlth   ..........              (no amulet)
HPRegen 0.14/turn               (no ring)
MPRegen 0.09/turn               (no ring)

@: no status effects
A: large, rugged brown scales 3, see invisible, deformed body, roll 1, armoured
tail
a: Rolling Charge


You were on level 3 of the Dungeon.
You visited 1 branch of the dungeon, and saw 3 of its levels.

You collected 77 gold pieces.
You spent 30 gold pieces at shops.

Inventory:

Hand Weapons
 a - a +0 war axe (weapon)
 m - a +2 mace of protection
Missiles
 i - 2 atropa-tipped darts
Armour
 b - a +0 scale mail (worn)
 c - a +0 buckler (worn)
Scrolls
 f - 2 scrolls of enchant armour {unknown}
 g - a scroll of immolation {unknown}
 h - a scroll of enchant weapon {unknown}
 k - a scroll of identify {unknown}
 o - a scroll of blinking {unknown}
 p - a scroll of vulnerability {unknown}
Potions
 d - a potion of might
 e - 2 potions of magic {unknown}
 j - a potion of lignification {unknown}
 l - a potion of degeneration {unknown}
 n - a potion of curing


   Skills:
 - Level 3.0 Fighting
 * Level 5.7 Axes
 - Level 2.4 Armour
 - Level 2.4 Shields


You had 4 spell levels left.
You didn't know any spells.
Your spell library contained the following spells:

 Spells                   Type           Power      Damage    Failure   Level
 Animate Skeleton         Necr           0%         N/A       78%         1
 Apportation              Tloc           0%         N/A       78%         1
 Slow                     Hex            0%         N/A       78%         1
 Sting                    Tmut/Pois      0%         1d3       78%         1
 Summon Small Mammal      Summ           0%         N/A       78%         1
 Poisonous Vapours        Pois/Air       0%         N/A       89%         2
 Confusing Touch          Hex            0%         N/A       98%         3
 Ozocubu's Armour         Ice            0%         N/A       98%         3
 Vampiric Draining        Necr           0%         2d6       98%         3
 Olgreb's Toxic Radiance  Pois           0%         N/A       100%        4
 Metabolic Englaciation   Hex/Ice        0%         N/A       100%        5
 Simulacrum               Ice/Necr       0%         N/A       100%        6


Dungeon Overview and Level Annotations

Branches:
Dungeon (3/15)

Altars:

Shops:
D:2 !


Innate Abilities, Weirdness & Mutations

You are completely covered in rugged brown scales. (AC +3, +7% HP)
You have supernaturally acute eyesight. (SInv)
Armour fits poorly on your strangely shaped body.
You can roll at nearby foes to attack.
You have a long armoured tail.


Message History

You hit the gnoll. You tail-slap the gnoll.
The gnoll is almost dead.
You block the gnoll's attack.
You slash the gnoll!
You kill the gnoll!
You closely miss the gnoll. You slash the gnoll!
The gnoll is heavily wounded.
The gnoll hits you with a +0 club.
You slash the gnoll!
You kill the gnoll!
You block the gnoll's attack.
You hit the gnoll.
The gnoll is lightly wounded.
You block the gnoll's attack.
You hit the gnoll. You tail-slap the gnoll.
The gnoll is severely wounded.
The gnoll hits you with a +0 flail!
You hit the gnoll but do no damage. You tail-slap the gnoll.
The gnoll is almost dead.
The gnoll hits you but does no damage.
You barely miss the gnoll.
The gnoll is almost dead.
The gnoll hits you with a +0 flail. The gnoll hits you with a +0 flail!
You closely miss the gnoll.
The gnoll is severely wounded.
The gnoll hits you with a +0 flail.
* * * LOW HITPOINT WARNING * * *
You hit the gnoll but do no damage. You tail-slap the gnoll.
You kill the gnoll!
You closely miss the gnoll. The gnoll hits you with a +0 flail.
* * * LOW HITPOINT WARNING * * *
You slash the gnoll!
The gnoll is heavily wounded.
The gnoll hits you but does no damage. The gnoll hits you with a +0 flail!
* * * LOW HITPOINT WARNING * * *
You barely miss the gnoll.
The gnoll is heavily wounded.
The gnoll hits you with a +0 flail.
You die...

# #.##.#
#.....#
#.# #.##.#
#.....#
#.# #.##.#
#######
#.#
#.##.##.#
.#
#.......##
####.....#
#####.#
#.########
#.@g[.....
##########


You could see a gnoll.

Vanquished Creatures
  3 orc wizards (D:3)
  3 gnolls (D:3)
  3 adders
  A worm (D:3)
  2 dart slugs
  4 orcs (D:3)
  6 bats
  4 endoplasms
  3 giant cockroaches
  5 hobgoblins
  4 quokkas
  2 ball pythons
  2 frilled lizards (D:1)
  4 goblins
  7 kobolds
  2 rats (D:2)
55 creatures vanquished.

Vanquished Creatures (others)
  4 plants (D:1)
4 creatures vanquished.

Grand Total: 59 creatures vanquished

Notes
Turn   | Place    | Note
-------+----------+-------------------------------------------
     0 | D:1      | ragingrage the Palentonga Fighter began the quest for the
                  | Orb.
     0 | D:1      | Reached XP level 1. HP: 19/19 MP: 1/1
    89 | D:1      | Found a faded altar of an unknown god.
   223 | D:1      | Reached XP level 2. HP: 25/25 MP: 2/2
   446 | D:1      | Reached skill level 3 in Axes
   977 | D:2      | Reached XP level 3. HP: 9/31 MP: 3/3
  1340 | D:3      | Reached skill level 4 in Axes
  1344 | D:3      | Reached XP level 4. HP: 21/37 MP: 4/4
  1598 | D:3      | Reached skill level 5 in Axes
  1756 | D:2      | Found Nyumuplo's Distillery.
  1761 | D:2      | Bought a potion of curing for 30 gold pieces
  2121 | D:3      | Reached XP level 5. HP: 7/43 MP: 5/5
  2465 | D:3      | HP: 1/43 [gnoll (7)]
  2466 | D:3      | Slain by a gnoll

Illustrated notes

Levels and vault maps discovered:
D:1:      psy_arrival_fountain, layout_rooms, chequers_ecumenical_altar_island,
          serial_forest, infiniplex_forest_clump_diagonal,
          infiniplex_forest_lined_ring, infiniplex_forest_clump_tiny,
          infiniplex_forest_lined_3_way, infiniplex_forest_end_double,
          infiniplex_forest_clump_double, infiniplex_forest_clump_medium,
          infiniplex_forest_clump_large, minmay_misc_feat_tower
D:2:      layout_loops_ring, serial_shops, nicolae_square_shop,
          uniq_crazy_yiuf_cottage
D:3:      layout_loops_cross

Skill      XL: |  1  2  3  4 |
---------------+-------------+-----
Axes           | 3 4 5 |  5.7
Fighting       | |  3.0
Armour         | |  2.4
Shields        | |  2.4

Action                   |  1- 3 |  4- 6 || total
-------------------------+-------+-------++-------
Melee: War axe           |    84 |    82 ||   166
       Tailslap          |    12 |    12 ||    24
 Abil: Rolling Charge    |     7 |     7 ||    14
Armor: Scale mail        |    45 |    31 ||    76
Dodge: Dodged            |    29 |    19 ||    48
Block: Buckler           |    12 |    17 ||    29

Table legend: (Time is in decaauts)
 A = Elapsed time spent in this place.
 B = Non-inter-level travel time spent in this place.
 C = Inter-level travel time spent in this place.
 D = Time resting spent in this place.
 E = Time spent auto-exploring this place.
 F = Levels seen in this place.
 G = Mean time per level.
                   A        B        C        D        E       F      G
               +--------+--------+--------+--------+--------+-----+--------+
         Total |   2522 |   2504 |     18 |    548 |   1507 |   3 |  840.7 |
       Dungeon |   2522 |   2504 |     18 |    548 |   1507 |   3 |  840.7 |
               +--------+--------+--------+--------+--------+-----+--------+

Top non-repeatable levels by time:
     D:1: 919 daAuts
     D:3: 872 daAuts
     D:2: 729 daAuts
